 Dungeon Crawl Stone Soup version 0.25.1-1-g288607f5aa (webtiles) character file.

Game seed: 10588214954335137088

47 Kold the Ducker (level 3, -9/27 HPs)
             Began as a Demonspawn Gladiator on July 23, 2020.
             Mangled by an ogre
             ... wielding a +0 giant club
              (18 damage)
             ... on level 3 of the Dungeon.
             The game lasted 00:01:58 (1772 turns).

Kold the Ducker (Demonspawn Gladiator)              Turns: 1772, Time: 00:01:58

Health: -9/27      AC:  4    Str: 15    XL:     3   Next: 48%
Magic:  3/3        EV: 13    Int:  9    God:
Gold:   103        SH:  0    Dex: 14    Spells: 2/2 levels left

rFire    . . .     SeeInvis .     - Unarmed
rCold    . . .     Gourm    .   (no shield)
rNeg     . . .     Faith    .   b - +0 leather armour
rPois    .         Spirit   .   c - +0 helmet
rElec    .         Reflect  .   (no cloak)
rCorr    .         Harm     .   (no gloves)
MR       .....                  (no boots)
Stlth    +.........             i - amulet of magic regeneration
HPRegen  0.09/turn              (no ring)
MPRegen  0.33/turn              (no ring)

@: no status effects
A: claws 2
a: no special abilities


You were on level 3 of the Dungeon.
You were not hungry.

You visited 1 branch of the dungeon, and saw 3 of its levels.

You collected 103 gold pieces.

Inventory:

Missiles
 d - 3 throwing nets (quivered)
Armour
 b - a +0 leather armour (worn)
 c - a +0 helmet (worn)
Jewellery
 i - an amulet of magic regeneration (around neck)
 n - an uncursed ring of fire
Scrolls
 a - 2 scrolls of amnesia
 e - a scroll of identify {unknown}
 g - a scroll of magic mapping {unknown}
 h - a scroll of remove curse
 k - a scroll of blinking {unknown}
Potions
 j - 2 potions of resistance {unknown}
 l - a potion of curing {unknown}
 o - 2 potions of heal wounds {unknown}
 p - a potion of brilliance {unknown}
Comestibles
 f - 6 rations
 m - a chunk of flesh


   Skills:
 - Level 2.0 Fighting
   Level 3.0 Maces & Flails
 - Level 1.7 Throwing
 - Level 3.0 Dodging
 * Level 2.2 Unarmed Combat


You had 2 spell levels left.
You didn't know any spells.
Your spell library was empty.

Dungeon Overview and Level Annotations

Branches:
Dungeon (3/15)

Altars:
Cheibriados
Uskayaw


Innate Abilities, Weirdness & Mutations

You have very sharp fingernails.


Message History

You aren't carrying any items that you can evoke.
As you read the scroll labeled TISOLISU NETI, it crumbles to dust.
It is a scroll of amnesia.
You feel forgetful for a moment.
As you read the scroll labeled FOTREO ROQEDYE, it crumbles to dust.
You feel blessed for a moment.
It was a scroll of remove curse.
As you read the scroll labeled IKHATI PORR, it crumbles to dust.
You feel strangely unstable.
It was a scroll of teleportation.
Your surroundings seem slightly different.
You scratch the ogre.
The ogre is moderately wounded.
The ogre hits you with a +0 giant club!!
Ouch! That really hurt!
You scratch the ogre but do no damage.
The ogre is moderately wounded.
You scratch the ogre but do no damage.
The ogre is moderately wounded.
The ogre hits you with a +0 giant club!!
Ouch! That really hurt!
You die...

#..#.....# ### #.....<...
... ##[###.#.. #..
.....(...
######.#######.####.##.
#....#...(.............
#....#.......####.#....
#..(.#.......#....#####
#....#@......#.##......
###....##O....##.########
............§..........>
............####.#######
##.#####.##.# #...
#.......# .####
#.......##.# #.........#
#...÷....#...


You could see an ogre.

Vanquished Creatures
  2 adders (D:2)
  A dart slug (D:1)
  A leopard gecko (D:1)
  3 giant cockroaches
  6 hobgoblins
  3 kobolds (D:2)
  3 bats (D:1)
  2 frilled lizards (D:1)
  2 goblins
  4 rats
27 creatures vanquished.

Notes
Turn   | Place    | Note
-------+----------+-------------------------------------------
     0 | D:1      | Kold the Demonspawn Gladiator began the quest for the Orb.
     0 | D:1      | Reached XP level 1. HP: 16/16 MP: 1/1
   135 | D:1      | Gained mutation: You have sharp fingernails. [demonic
                  | ancestry]
   135 | D:1      | Reached XP level 2. HP: 17/22 MP: 2/2
   822 | D:2      | Reached skill level 1 in Unarmed Combat
  1303 | D:2      | Gained mutation: You have very sharp fingernails. [demonic
                  | ancestry]
  1303 | D:2      | Reached XP level 3. HP: 23/27 MP: 3/3
  1487 | D:2      | Found a snail-covered altar of Cheibriados.
  1487 | D:2      | Found a hide-covered altar of Uskayaw.
  1760 | D:3      | Noticed an ogre
  1772 | D:3      | Mangled by an ogre

Illustrated notes

Levels and vault maps discovered:
D:1:      lightli_molten_gateway, layout_basic, minmay_pentomino_q2
D:2:      layout_basic, gammafunk_temple_overflow_statue, first_ration
D:3:      layout_basic, nicolae_ru_awakened_eye, serial_curves, eino_curves_01,
          eino_curves_04

Skill      XL: |  1  2  3 |
---------------+----------+-----
Maces & Flails | 3 |  3.0
Dodging        | 3 |  3.0
Unarmed Combat | 1 2 |  2.2
Fighting       | |  2.0
Throwing       | |  1.7

Action                   || total
-------------------------++-------
Melee: Flail             ||    16
       Unarmed           ||    80
       Punch             ||     1
  Use: Scroll            ||     3
  Eat: Chunk             ||     3
Armor: Leather armour    ||    42
Dodge: Dodged            ||    75
